 Dungeon Crawl Stone Soup version 0.29.1-4-g47bece8355 (webtiles) character file.

Game seed: 9992238566176210364

142 ChadusMaximus the Shield-Bearer (level 5, -2/47 HPs)
             Began as a Minotaur Fighter on Dec 11, 2022.
             Succumbed to an orc's poison
             ... on level 4 of the Dungeon.
             The game lasted 00:01:51 (2607 turns).

ChadusMaximus the Shield-Bearer (Minotaur Fighter)  Turns: 2607, Time: 00:01:52

Health: -2/47      AC:  8    Str: 22    XL:     5   Next: 3%
Magic:  4/4        EV:  9    Int:  5    God:
Gold:   133        SH:  0    Dex: 10    Spells: 4/4 levels left

rFire   . . .      SeeInvis .   a - +0 war axe
rCold   . . .      Faith    .   c - +0 buckler
rNeg    . . .      Spirit   .   b - +0 scale mail
rPois   .          Reflect  .   (helmet restricted)
rElec   .          Harm     .   j - +0 cloak
rCorr   .          Rampage  .   (no gloves)
Will    .....                   (no boots)
Stlth   ..........              (no amulet)
HPRegen 0.15/turn               (no ring)
MPRegen 0.09/turn               (no ring)

@: confused, lethally poisoned (-2 -> -33)
A: horns 2, retaliatory headbutt
a: no special abilities


You were on level 4 of the Dungeon.
You visited 1 branch of the dungeon, and saw 4 of its levels.

You collected 133 gold pieces.

Inventory:

Hand Weapons
 a - a +0 war axe (weapon)
Missiles
 l - 2 throwing nets (quivered)
Armour
 b - a +0 scale mail (worn)
 c - a +0 buckler (worn)
 j - a +0 cloak (worn)
Scrolls
 f - 3 scrolls of vulnerability {unknown}
 g - a scroll of immolation {unknown}
 h - 2 scrolls of teleportation {unknown}
 k - 3 scrolls of identify {unknown}
 m - a scroll of enchant weapon {unknown}
 n - 2 scrolls of fog {unknown}
Potions
 d - a potion of might
 e - a potion of attraction {unknown}
 i - 2 potions of magic {unknown}
 o - 2 potions of curing {unknown}
 p - a potion of brilliance {unknown}
 q - a potion of lignification {unknown}
 r - a potion of heal wounds {unknown}


   Skills:
 + Level 4.6 Fighting
 + Level 3.8 Axes
 + Level 4.6 Armour
 + Level 4.7 Shields


You had 4 spell levels left.
You didn't know any spells.
Your spell library contained the following spells:

 Spells                   Type           Power      Damage    Failure   Level
 Freeze                   Ice            0%         1d3       86%         1
 Frozen Ramparts          Ice            0%         1d1       99%         3
 Hailstorm                Conj/Ice       0%         3d3       100%        4
 Olgreb's Toxic Radiance  Pois           0%         N/A       100%        4
 Ozocubu's Refrigeration  Ice            0%         4d7       100%        7
 Ignition                 Fire           0%         3d3       100%        8


Dungeon Overview and Level Annotations

Branches:
Dungeon (4/15)
 Temple: D:4-7

Altars:


Innate Abilities, Weirdness & Mutations

You have a pair of horns on your head.
You reflexively headbutt those who attack you in melee.


Message History

You slash the orc wizard!
You barely miss the orc. x2; You feel sick.
You block the orc's attack. The orc wizard casts a spell at you.
You are confused.
The orc closely misses you. The orc hits you but does no damage.
You are too confused!
You are too confused!
Unknown command.
You hit the orc wizard but do no damage.
The orc wizard is heavily wounded.
You hit the orc but do no damage. You slash the orc!
You kill the orc!
You closely miss the orc.
You feel sick. The orc wizard casts a spell at you.
You resist with some effort.
The orc hits you with a +1 dagger of venom.
You are more poisoned.
The orc hits you but does no damage. The orc barely misses you.
The orc wizard hits you but does no damage.
You are lethally poisoned!
The orc barely misses you.
You closely miss the orc. You headbutt the orc, but do no damage.
You barely miss the orc. You closely miss the orc wizard.
You feel very sick. The orc completely misses you. The orc barely misses you.
The orc wizard hits you with a +2 dagger of venom.
You are more poisoned.
You closely miss the orc wizard. You headbutt the orc wizard!
You kill the orc wizard!
You hit the orc. x2
You kill the orc!
* * * LOW HITPOINT WARNING * * *
You feel extremely sick.
The orc hits you with a +1 dagger of venom.
* * * LOW HITPOINT WARNING * * *
You are more poisoned.
You have reached level 5!
You hit the orc.
You kill the orc!
You die...

#.........#
##...... .. .
......... ..
#..... . # .
...#......#.##.#
........#......#
#....))).......
#..)@##......
#.#..<.......
#...###......
.<.#.. ..... ..#
##. ...# . ..
... #. .. .. .


There were no monsters in sight!

Vanquished Creatures
  An orc wizard (D:4)
  2 adders
  6 gnolls
  A dart slug (D:1)
  4 orcs
  4 ball pythons
  3 endoplasms
  A giant cockroach (D:3)
  A hobgoblin (D:3)
  2 jackals (D:1)
  4 kobolds
  A quokka (D:2)
  3 bats
  3 frilled lizards
  3 goblins
  6 rats
45 creatures vanquished.

Notes
Turn   | Place    | Note
-------+----------+-------------------------------------------
     0 | D:1      | ChadusMaximus the Minotaur Fighter began the quest for the
                  | Orb.
     0 | D:1      | Reached XP level 1. HP: 19/19 MP: 0/0
   188 | D:1      | Found a faded altar of an unknown god.
   386 | D:1      | Reached XP level 2. HP: 27/27 MP: 1/1
   967 | D:2      | Reached XP level 3. HP: 10/33 MP: 2/2
  2152 | D:3      | Reached XP level 4. HP: 27/41 MP: 3/3
  2607 | D:4      | Reached XP level 5. HP: 7/47 MP: 4/4
  2607 | D:4      | Succumbed to an orc's poison

Illustrated notes

Levels and vault maps discovered:
D:1:      heliophobic_arrival_ceremonial_halls, layout_basic,
          chequers_ecumenical_altar_simple_redux, serial_bayou_pond_d,
          minmay_misc_feat_columns
D:2:      minmay_skewed_foursquare, layout_basic, serial_bayou_lagoon_a
D:3:      layout_rooms, st_stairs_4
D:4:      layout_rooms, minmay_temple_entry_statues_fountains,
          portal_sewer_entry_b, uniq_duvessa

Skill      XL: |  1  2 |
---------------+-------+-----
Fighting       | 4 |  4.6
Axes           | 3 |  3.8
Armour         | 4 |  4.6
Shields        | 4 |  4.7

Action                   |  1- 3 |  4- 6 || total
-------------------------+-------+-------++-------
Melee: War axe           |    62 |    29 ||    91
       Headbutt          |     7 |     3 ||    10
Armor: Scale mail        |    38 |    14 ||    52
Dodge: Dodged            |    36 |    17 ||    53
Block: Buckler           |    20 |     8 ||    28
